Blues vs Coyotes (R1)

Created - 13 janvier 2017 at 21:31

Goals
1 2 3 T
Blues 0 3 1 4
Coyotes 0 1 1 2
Shots
1 2 3 T
Blues 9 13 12 34
Coyotes 13 7 12 32

1st period

No Goal

Penalties :
Anton Stralman (Ari) for Tripping (Minor) at 8:23

2nd period

1. Blues , Jake Gardiner 3 (David Perron, Alex Pietrangelo) at 3:06 (PP)
2. Blues , Joe Pavelski 17 (Nicklas Backstrom, Jake Gardiner) at 4:21
3. Blues , Tomas Kopecky 5 (Alex Pietrangelo, Bryce Lampman) at 9:19
4. Coyotes , Nazem Kadri 12 (Eric Brewer, Tim Connolly) at 17:04 (PP)

Penalties :
Eric Brewer (Ari) for Slashing (Minor) at 2:59, Marian Gaborik (Ari) for Hooking (Minor) at 5:05, Eric Brewer (Ari) for Tripping (Minor) at 11:57, Nik Antropov (STL) for Holding Stick (Minor) at 16:23

3rd period

5. Coyotes , Martin Samuelsson 5 (Ryan Whitney, Josh Gorges) at 2:54
6. Blues , David Perron 18 (Sergei Shirokov, Travis Zajac) at 15:37

Penalties :
Toni Lydman (Ari) for Hooking (Minor) at 6:13, Alex Pietrangelo (STL) for Hooking (Minor) at 6:20, Anton Stralman (Ari) for Hooking (Minor) at 9:13

Goalie Stats

Tuukka Rask (STL), 30 saves from 32 shots - (0,938), W, 13-10-3, 60:00 minutes
Mathieu Garon (Ari), 30 saves from 34 shots - (0,882), L, 3-5-1, 60:00 minutes

Players Stats for Blues

Player Name              G  A  P  +/- PIM S  H  SB GA TA FO     MP     PP MP  PK MP  
------------------------------------------------------------------------------------
Alex Pietrangelo         0  2  2   1  2   1  2  0  0  1  0/0    24:09   5:00   0:00 
Bryce Lampman            0  1  1   1  0   2  3  2  1  0  0/0    23:26   2:36   0:26 
Darren Reid              0  0  0   0  0   0  1  0  0  0  0/0     8:14   0:00   0:00 
David Perron             1  1  2   0  0   7  1  0  0  0  1/1    20:32   4:44   0:00 
Drew Fata                0  0  0   1  0   1  1  0  0  1  0/0    17:51   0:33   0:29 
Jake Gardiner            1  1  2   0  0   2  2  1  1  0  0/0    23:58   5:34   0:00 
Joe Pavelski             1  0  1   1  0   4  2  1  1  0  0/1    19:35   4:44   0:00 
Kevin Porter             0  0  0   0  0   0  0  0  0  0  0/4     8:02   0:00   0:05 
Nicklas Backstrom        0  1  1   1  0   5  2  0  1  0  18/34  21:27   4:44   0:36 
Nik Antropov             0  0  0   1  2   0  2  1  1  0  1/7    11:20   0:00   0:03 
Paul Kariya              0  0  0   0  0   2  0  0  1  0  0/0     7:57   0:00   0:00 
Sergei Shirokov          0  1  1   0  0   2  4  0  0  0  0/0    18:35   3:26   0:04 
Steve McCarthy           0  0  0   1  0   0  0  1  0  0  0/0    13:18   0:00   0:22 
Taylor Hall              0  0  0   1  0   1  4  0  0  0  2/2    18:31   3:26   0:02 
Taylor Pyatt             0  0  0   1  0   2  0  0  1  0  0/3    12:00   0:00   0:42 
Tomas Kopecky            1  0  1   1  0   2  3  0  0  0  0/0    11:33   0:00   0:00 
Travis Hamonic           0  0  0   0  0   1  0  0  0  2  0/0    17:32   2:36   0:19 
Travis Zajac             0  1  1   0  0   2  0  0  0  1  8/13   19:18   3:26   0:04 

Players Stats for Coyotes

Player Name              G  A  P  +/- PIM S  H  SB GA TA FO     MP     PP MP  PK MP  
------------------------------------------------------------------------------------
Anton Stralman           0  0  0  -2  4   2  0  3  0  0  0/0    19:22   0:00   2:29 
Chris Neil               0  0  0  -2  0   1  2  1  0  0  0/0    10:18   0:00   2:54 
Eric Brewer              0  1  1   0  4   1  4  1  0  1  0/0    21:54   0:42   1:59 
Josh Gorges              0  1  1   1  0   4  1  1  0  2  0/0    18:22   0:06   3:00 
Kristopher Letang        0  0  0  -1  0   3  2  0  0  0  0/0    22:13   0:07   3:11 
Kyle Okposo              0  0  0   0  0   1  0  0  1  1  0/0    13:59   0:16   0:00 
Marian Gaborik           0  0  0   0  2   2  3  0  0  0  1/1    16:00   0:32   0:00 
Martin Samuelsson        1  0  1   0  0   2  1  1  0  0  6/8    17:32   0:00   4:01 
Maxim Talbot             0  0  0   0  0   2  0  1  0  0  8/15   15:49   0:00   2:37 
Mike Leclerc             0  0  0  -2  0   1  1  1  0  0  0/0    12:48   0:00   4:34 
Nazem Kadri              1  0  1   0  0   2  1  1  0  1  8/16   15:00   0:16   0:22 
Nick Bonino              0  0  0  -2  0   1  1  0  0  0  3/6     8:30   0:00   0:00 
Ramzi Abid               0  0  0   0  0   1  1  0  1  2  0/0    14:46   0:16   0:42 
Ryan Whitney             0  1  1   0  0   1  0  1  1  0  0/0    17:31   0:41   0:38 
T.J. Oshie               0  0  0   0  0   3  0  1  1  0  0/0    13:44   0:00   0:00 
Tim Connolly             0  1  1   0  0   3  0  2  0  0  9/18   16:21   0:32   1:10 
Toni Lydman              0  0  0  -2  2   1  0  3  0  0  0/0    21:04   0:01   5:03 
Tyler Ennis              0  0  0   0  0   1  0  3  1  0  0/1    14:39   0:31   0:00 

3 Stars

1 - Jake Gardiner (STL)
2 - Tomas Kopecky (STL)
3 - David Perron (STL)

Power Play

Blues - 1 on 6 Attempt(s) - 16,67%
Coyotes - 1 on 2 Attempt(s) - 50,00%

Penalty Kill

Blues - 1 on 2 Attempt(s) - 50,00% - Score 0 goal in Penalty Kill
Coyotes - 5 on 6 Attempt(s) - 83,33% - Score 0 goal in Penalty Kill

Team Stat

Blues - Hits : 27 - Faceoff Wins : 30 - Blocked Shots : 6 - Penalty Minutes : 4
Coyotes - Hits : 17 - Faceoff Wins : 35 - Blocked Shots : 20 - Penalty Minutes : 12

Official

Referees : McCauley Wes and Pollock Kevin
Linesman : Darren Gibbs and Jonny Murray

Game Notes

4:06 of 2nd period - Coyotes goal is going for a video replay. After video review, No Goal. The goalkeeper has been pushed into the net together with the puck after making a save.
9:29 of 3rd period - Blues goal is going for a video replay. After video review, No Goal. The goalkeeper has been pushed into the net together with the puck after making a save.

Finance

Level 1 -- Attendance: 5600 (93,33%) -- Ticket Income 476 000 $
Level 2 -- Attendance: 5000 (100,00%) -- Ticket Income 240 000 $
Level 3 -- Attendance: 1873 (93,65%) -- Ticket Income 59 936 $
Level 4 -- Attendance: 4000 (100,00%) -- Ticket Income 84 000 $
Luxury Box -- Attendance: 901 (90,10%) -- Ticket Income 142 358 $
Game was played at the The Pack Center.
Total Attendance: 17374 (96,52%)
Total Ticket Income: 1 002 294 $
Other Income: 150 344 $
Total Income: 1 152 638 $

Blues

5 vs 5 Forward 
   Center                   Left Wing                Right Wing               Time % Phy DF OF 
 1 Nicklas Backstrom        Taylor Hall              Joe Pavelski             40     1   2  2  
 2 Travis Zajac             David Perron             Sergei Shirokov          30     1   2  2  
 3 Nik Antropov             Taylor Pyatt             Tomas Kopecky            20     1   2  2  
 4 Kevin Porter             Paul Kariya              Darren Reid              10     1   2  2  

5 vs 5 Defense 
   Defense                  Defense                                           Time % Phy DF OF 
 1 Bryce Lampman            Alex Pietrangelo                                  40     1   2  2  
 2 Travis Hamonic           Jake Gardiner                                     30     1   2  2  
 3 Drew Fata                Steve McCarthy                                    20     1   2  2  
 4 Jake Gardiner            Drew Fata                                         10     1   2  2  

PowerPlay Forward 
   Center                   Left Wing                Right Wing               Time % Phy DF OF 
 1 Nicklas Backstrom        David Perron             Joe Pavelski             60     1   2  2  
 2 Travis Zajac             Taylor Hall              Sergei Shirokov          40     1   2  2  

PowerPlay Defense
   Defense                  Defense                                           Time % Phy DF OF 
 1 Jake Gardiner            Alex Pietrangelo                                  60     1   2  2  
 2 Travis Hamonic           Bryce Lampman                                     40     1   2  2  

Penalty Kill 4 Players Forward 
   Center                   Wing                     Time % Phy DF OF 
 1 Nik Antropov             Taylor Pyatt             60     1   2  2  
 2 Travis Zajac             Sergei Shirokov          40     1   2  2  

Penalty Kill 4 Players Defense
   Defense                  Defense                  Time % Phy DF OF 
 1 Travis Hamonic           Bryce Lampman            60     1   2  2  
 2 Steve McCarthy           Drew Fata                40     1   2  2  

Penalty Kill - 3 Players Forward 
   Forward                                           Time % Phy DF OF 
 1 Nik Antropov                                      60     1   2  2  
 2 Taylor Pyatt                                      40     1   2  2  

Penalty Kill - 3 Players Defense
   Defense                  Defense                  Time % Phy DF OF 
 1 Travis Hamonic           Drew Fata                60     1   2  2  
 2 Bryce Lampman            Jake Gardiner            40     1   2  2  

4 vs 4 Forward 
   Center                   Wing                     Time % Phy DF OF 
 1 Travis Zajac             David Perron             60     1   2  2  
 2 Nicklas Backstrom        Taylor Hall              40     1   2  2  

4 vs 4 Defense
   Defense                  Defense                  Time % Phy DF OF 
 1 Bryce Lampman            Alex Pietrangelo         60     1   2  2  
 2 Drew Fata                Jake Gardiner            40     1   2  2  

Last Minutes Offensive
   Center                   Left Wing                Right Wing               Defense                  Defense                  
   Nicklas Backstrom        David Perron             Joe Pavelski             Jake Gardiner            Alex Pietrangelo         

Last Minutes Defensive
   Center                   Left Wing                Right Wing               Defense                  Defense                  
   Nik Antropov             David Perron             Darren Reid              Bryce Lampman            Drew Fata                

Goaltenders
Starting : Tuukka Rask              
Backup : Jeff Deslauriers         

Extra Forwards
Normal : Nicklas Backstrom, Sergei Shirokov, Tomas Kopecky - PP : Nicklas Backstrom, David Perron - PK : Taylor Pyatt
Extra Defensemen
Normal : Drew Fata, Steve McCarthy, Jake Gardiner - PP : Bryce Lampman - PK : Travis Hamonic, Jake Gardiner
Penalty Shots
David Perron, Joe Pavelski, Travis Zajac, Nik Antropov, Sergei Shirokov

Coyotes

5 vs 5 Forward 
   Center                   Left Wing                Right Wing               Time % Phy DF OF 
 1 Nazem Kadri              Tyler Ennis              Marian Gaborik           32     0   3  2  
 2 Tim Connolly             Ramzi Abid               Kyle Okposo              30     0   3  2  
 3 Maxim Talbot             Martin Samuelsson        T.J. Oshie               24     0   3  2  
 4 Nick Bonino              Mike Leclerc             Chris Neil               14     1   3  1  

5 vs 5 Defense 
   Defense                  Defense                                           Time % Phy DF OF 
 1 Kristopher Letang        Eric Brewer                                       38     1   3  1  
 2 Ryan Whitney             Josh Gorges                                       32     1   3  1  
 3 Anton Stralman           Toni Lydman                                       30     1   4  0  
 4 Kristopher Letang        Eric Brewer                                       0      1   3  1  

PowerPlay Forward 
   Center                   Left Wing                Right Wing               Time % Phy DF OF 
 1 Tim Connolly             Tyler Ennis              Marian Gaborik           50     1   0  4  
 2 Nazem Kadri              Ramzi Abid               Kyle Okposo              50     1   0  4  

PowerPlay Defense
   Defense                  Defense                                           Time % Phy DF OF 
 1 Kristopher Letang        Josh Gorges                                       55     1   1  3  
 2 Ryan Whitney             Eric Brewer                                       45     1   1  3  

Penalty Kill 4 Players Forward 
   Center                   Wing                     Time % Phy DF OF 
 1 Martin Samuelsson        Mike Leclerc             55     1   3  1  
 2 Maxim Talbot             Chris Neil               45     1   3  1  

Penalty Kill 4 Players Defense
   Defense                  Defense                  Time % Phy DF OF 
 1 Toni Lydman              Anton Stralman           60     1   4  0  
 2 Eric Brewer              Josh Gorges              40     1   4  0  

Penalty Kill - 3 Players Forward 
   Forward                                           Time % Phy DF OF 
 1 Mike Leclerc                                      60     1   4  0  
 2 Martin Samuelsson                                 40     0   5  0  

Penalty Kill - 3 Players Defense
   Defense                  Defense                  Time % Phy DF OF 
 1 Toni Lydman              Anton Stralman           60     0   5  0  
 2 Josh Gorges              Eric Brewer              40     0   5  0  

4 vs 4 Forward 
   Center                   Wing                     Time % Phy DF OF 
 1 Tim Connolly             Marian Gaborik           60     0   3  2  
 2 Nazem Kadri              Tyler Ennis              40     0   3  2  

4 vs 4 Defense
   Defense                  Defense                  Time % Phy DF OF 
 1 Kristopher Letang        Eric Brewer              60     1   3  1  
 2 Ryan Whitney             Josh Gorges              40     1   3  1  

Last Minutes Offensive
   Center                   Left Wing                Right Wing               Defense                  Defense                  
   Tim Connolly             Tyler Ennis              Marian Gaborik           Kristopher Letang        Josh Gorges              

Last Minutes Defensive
   Center                   Left Wing                Right Wing               Defense                  Defense                  
   Maxim Talbot             Martin Samuelsson        Marian Gaborik           Eric Brewer              Toni Lydman              

Goaltenders
Starting : Mathieu Garon            
Backup : Ryan Miller              

Extra Forwards
Normal : Nick Bonino, T.J. Oshie, Maxim Talbot - PP : T.J. Oshie, Maxim Talbot - PK : Tim Connolly
Extra Defensemen
Normal : Anton Stralman, Toni Lydman, Kristopher Letang - PP : Anton Stralman - PK : Kristopher Letang, Ryan Whitney
Penalty Shots
Tyler Ennis, Marian Gaborik, Tim Connolly, Ryan Whitney, Maxim Talbot

% Time on Ice - Blues

Lines # - Real PCT - Wanted PCT - Time Play
Normal Forward
1 - 31% - 40% - 15:06
2 - 31% - 30% - 15:04
3 - 22% - 20% - 11:03
4 - 16% - 10% - 7:57
Normal Defense
1 - 39% - 40% - 19:16
2 - 30% - 30% - 14:37
3 - 25% - 20% - 12:04
4 - 7% - 10% - 3:13
PP Forward
1 - 58% - 60% - 4:44
2 - 42% - 40% - 3:26
PP Defense
1 - 68% - 60% - 5:34
2 - 32% - 40% - 2:36
PK Forward
1 - 100% - 60% - 0:48
2 - 0% - 40% - 0:00
PK Defense
1 - 54% - 60% - 0:26
2 - 46% - 40% - 0:22
PK3 Forward
1 - 0% - 60%
2 - 0% - 40%
PK3 Defense
1 - 0% - 60%
2 - 0% - 40%
44 Forward
1 - 90% - 60% - 1:41
2 - 10% - 40% - 0:11
44 Defense
1 - 100% - 60% - 1:52
2 - 0% - 40% - 0:00
Last Minute Offensive  - 0:00
Last Minute Defensive  - 0:00
Total
Forward - 60:00
Defense - 60:00

% Time on Ice - Coyotes

Lines # - Real PCT - Wanted PCT - Time Play
Normal Forward
1 - 30% - 32% - 14:51
2 - 28% - 30% - 13:43
3 - 27% - 24% - 13:12
4 - 15% - 14% - 7:24
Normal Defense
1 - 38% - 38% - 18:31
2 - 30% - 32% - 14:45
3 - 32% - 30% - 15:54
4 - 0% - 0% - 0:00
PP Forward
1 - 67% - 50% - 0:32
2 - 33% - 50% - 0:16
PP Defense
1 - 15% - 55% - 0:07
2 - 85% - 45% - 0:41
PK Forward
1 - 64% - 55% - 5:16
2 - 36% - 45% - 2:54
PK Defense
1 - 63% - 60% - 5:10
2 - 37% - 40% - 3:00
PK3 Forward
1 - 0% - 60%
2 - 0% - 40%
PK3 Defense
1 - 0% - 60%
2 - 0% - 40%
44 Forward
1 - 89% - 60% - 1:40
2 - 11% - 40% - 0:12
44 Defense
1 - 62% - 60% - 1:09
2 - 38% - 40% - 0:43
Last Minute Offensive  - 0:00
Last Minute Defensive  - 0:00
Total
Forward - 60:00
Defense - 60:00

Play by Play

1st period


0:01 of 1st period - Nazem Kadri wins face-off versus Nicklas Backstrom in neutral zone.
0:26 of 1st period - Ramzi Abid is hit by David Perron and loses puck.
0:53 of 1st period - Josh Gorges is hit by Nik Antropov and loses puck.
1:54 of 1st period - Wrist shot by Tim Connolly.
1:54 of 1st period - Stopped by Tuukka Rask with a rebound.
1:56 of 1st period - Wrist shot by Ramzi Abid.
1:56 of 1st period - Shot Misses the Net.
2:00 of 1st period - Snap shot by Kyle Okposo.
2:00 of 1st period - Stopped by Tuukka Rask without a rebound.
2:01 of 1st period - Maxim Talbot wins face-off versus Nik Antropov in Blues zone.
3:11 of 1st period - Darren Reid is hit by Chris Neil and loses puck.
3:59 of 1st period - Wrist shot by Tyler Ennis.
3:59 of 1st period - Shot Hit the Post.
4:01 of 1st period - Snap shot by Josh Gorges.
4:01 of 1st period - Shot Blocked by Bryce Lampman.
4:29 of 1st period - Icing by Ryan Whitney.
4:30 of 1st period - Nick Bonino wins face-off versus Kevin Porter in Coyotes zone.
4:41 of 1st period - Snap shot by Nick Bonino.
4:41 of 1st period - Shot Misses the Net.
5:01 of 1st period - Wrist shot by Travis Zajac.
5:01 of 1st period - Deflect By Josh Gorges.
5:01 of 1st period - Shot Misses the Net.
5:01 of 1st period - Puck is out of play.
5:02 of 1st period - Travis Zajac wins face-off versus Tyler Ennis in Coyotes zone.
5:22 of 1st period - Snap shot by Tyler Ennis.
5:22 of 1st period - Stopped by Tuukka Rask with a rebound.
5:29 of 1st period - Slapshot by Anton Stralman.
5:29 of 1st period - Stopped by Tuukka Rask without a rebound.
5:30 of 1st period - Nicklas Backstrom wins face-off versus Maxim Talbot in Blues zone.
5:57 of 1st period - Toni Lydman is hit by Tomas Kopecky and loses puck.
6:24 of 1st period - Snap shot by Chris Neil.
6:24 of 1st period - Shot Misses the Net.
6:26 of 1st period - Wrist shot by Chris Neil.
6:26 of 1st period - Stopped by Tuukka Rask with a rebound.
7:09 of 1st period - Snap shot by T.J. Oshie.
7:09 of 1st period - Stopped by Tuukka Rask without a rebound.
7:10 of 1st period - Taylor Hall wins face-off versus Tim Connolly in Blues zone.
7:19 of 1st period - Snap shot by Nicklas Backstrom.
7:19 of 1st period - Stopped by Mathieu Garon without a rebound.
7:20 of 1st period - Nicklas Backstrom wins face-off versus Tim Connolly in Coyotes zone.
7:21 of 1st period - Snap shot by Joe Pavelski.
7:21 of 1st period - Shot Blocked by Tim Connolly.
7:23 of 1st period - Slapshot by Travis Hamonic.
7:23 of 1st period - Deflect By Toni Lydman.
7:23 of 1st period - Stopped by Mathieu Garon without a rebound.
7:24 of 1st period - Tim Connolly wins face-off versus Nicklas Backstrom in Coyotes zone.
7:50 of 1st period - Kristopher Letang is hit by Sergei Shirokov and loses puck.
8:08 of 1st period - Icing by Tomas Kopecky.
8:09 of 1st period - Marian Gaborik wins face-off versus Nik Antropov in Blues zone.
8:23 of 1st period - Minor Penalty to Anton Stralman for Tripping.
8:24 of 1st period - Nicklas Backstrom wins face-off versus Martin Samuelsson in Coyotes zone.
8:36 of 1st period - Wrist shot by Joe Pavelski.
8:36 of 1st period - Stopped by Mathieu Garon with a rebound.
8:38 of 1st period - Wrist shot by Nicklas Backstrom.
8:38 of 1st period - Deflect By Joe Pavelski.
8:38 of 1st period - Shot Blocked by Toni Lydman.
8:38 of 1st period - Puck is out of play.
8:39 of 1st period - Martin Samuelsson wins face-off versus Joe Pavelski in Coyotes zone.
9:05 of 1st period - Maxim Talbot is hit by Sergei Shirokov and loses puck.
10:23 of 1st period - Penalty to Anton Stralman is over, Anton Stralman is back on ice.
10:39 of 1st period - Backhand shot by Paul Kariya.
10:39 of 1st period - Shot Misses the Net.
11:27 of 1st period - Taylor Hall is hit by Marian Gaborik and loses puck.
12:41 of 1st period - Travis Hamonic is hit by Ramzi Abid and loses puck.
12:52 of 1st period - Travis Hamonic is hit by Mike Leclerc.
13:08 of 1st period - Wrist shot by Paul Kariya.
13:08 of 1st period - Stopped by Mathieu Garon without a rebound.
13:09 of 1st period - Nicklas Backstrom wins face-off versus Nick Bonino in Coyotes zone.
13:16 of 1st period - Bryce Lampman is hit by Josh Gorges and loses puck.
13:21 of 1st period - Slapshot by Nick Bonino.
13:21 of 1st period - Stopped by Tuukka Rask with a rebound.
13:23 of 1st period - Wrist shot by Mike Leclerc.
13:23 of 1st period - Shot Misses the Net.
13:56 of 1st period - Drew Fata is hit by Martin Samuelsson and loses puck.
14:42 of 1st period - Snap shot by Marian Gaborik.
14:42 of 1st period - Stopped by Tuukka Rask without a rebound.
14:43 of 1st period - Nazem Kadri wins face-off versus Nicklas Backstrom in Blues zone.
14:44 of 1st period - Snap shot by Marian Gaborik.
14:44 of 1st period - Deflect By Nazem Kadri.
14:44 of 1st period - Shot Misses the Net.
14:44 of 1st period - Puck is out of play.
14:45 of 1st period - Nicklas Backstrom wins face-off versus Tim Connolly in Blues zone.
14:58 of 1st period - Slapshot by Tim Connolly.
14:58 of 1st period - Deflect By Ramzi Abid.
14:58 of 1st period - Stopped by Tuukka Rask without a rebound.
14:59 of 1st period - Nazem Kadri wins face-off versus Nicklas Backstrom in Blues zone.
15:06 of 1st period - Snap shot by Nazem Kadri.
15:06 of 1st period - Stopped by Tuukka Rask without a rebound.
15:07 of 1st period - Nicklas Backstrom wins face-off versus Nazem Kadri in Blues zone.
15:07 of 1st period - Nicklas Backstrom is hit by Nazem Kadri.
15:13 of 1st period - Marian Gaborik is hit by Joe Pavelski and loses puck.
15:36 of 1st period - Snap shot by Tim Connolly.
15:36 of 1st period - Stopped by Tuukka Rask with a rebound.
16:02 of 1st period - Tomas Kopecky is hit by Kristopher Letang and loses puck.
16:19 of 1st period - Snap shot by Tomas Kopecky.
16:19 of 1st period - Shot Blocked by Chris Neil.
16:21 of 1st period - Slapshot by Taylor Hall.
16:21 of 1st period - Stopped by Mathieu Garon with a rebound.
16:23 of 1st period - Slapshot by Taylor Hall.
16:23 of 1st period - Shot Blocked by Anton Stralman.
16:25 of 1st period - Snap shot by Bryce Lampman.
16:25 of 1st period - Shot Blocked by Mike Leclerc.
16:29 of 1st period - Snap shot by Nicklas Backstrom.
16:29 of 1st period - Stopped by Mathieu Garon without a rebound.
16:30 of 1st period - Tim Connolly wins face-off versus Travis Zajac in Coyotes zone.
16:43 of 1st period - Wrist shot by David Perron.
16:43 of 1st period - Stopped by Mathieu Garon with a rebound.
16:45 of 1st period - Wrist shot by David Perron.
16:45 of 1st period - Stopped by Mathieu Garon without a rebound.
16:46 of 1st period - Nazem Kadri wins face-off versus Nicklas Backstrom in Coyotes zone.
17:34 of 1st period - Snap shot by Alex Pietrangelo.
17:34 of 1st period - Shot Blocked by Toni Lydman.
17:36 of 1st period - Slapshot by Bryce Lampman.
17:36 of 1st period - Shot Misses the Net.
17:38 of 1st period - Slapshot by Alex Pietrangelo.
17:38 of 1st period - Stopped by Mathieu Garon without a rebound.
17:39 of 1st period - Maxim Talbot wins face-off versus Kevin Porter in Coyotes zone.
18:33 of 1st period - Mike Leclerc is hit by Sergei Shirokov and loses puck.
18:56 of 1st period - Snap shot by Ramzi Abid.
18:56 of 1st period - Shot Misses the Net.
18:58 of 1st period - Wrist shot by Ryan Whitney.
18:58 of 1st period - Stopped by Tuukka Rask without a rebound.
18:59 of 1st period - Nicklas Backstrom wins face-off versus Nazem Kadri in Blues zone.
19:16 of 1st period - Snap shot by Marian Gaborik.
19:16 of 1st period - Stopped by Tuukka Rask without a rebound.
19:17 of 1st period - David Perron wins face-off versus Maxim Talbot in Blues zone.
19:44 of 1st period - Bryce Lampman is hit by Kristopher Letang and loses puck.
Goals for this period are 0 for Blues vs 0 for Coyotes.
Shots for this period are 9 for Blues vs 13 for Coyotes.

2nd period


0:01 of 2nd period - Nicklas Backstrom wins face-off versus Tim Connolly in neutral zone.
0:28 of 2nd period - Backhand shot by Jake Gardiner.
0:28 of 2nd period - Shot Blocked by Maxim Talbot.
0:36 of 2nd period - Slapshot by Martin Samuelsson.
0:36 of 2nd period - Stopped by Tuukka Rask without a rebound.
0:37 of 2nd period - Nazem Kadri wins face-off versus Travis Zajac in Blues zone.
0:42 of 2nd period - Wrist shot by Marian Gaborik.
0:42 of 2nd period - Shot Blocked by Bryce Lampman.
0:48 of 2nd period - Bryce Lampman is hit by Eric Brewer and loses puck.
1:11 of 2nd period - Wrist shot by Ramzi Abid.
1:11 of 2nd period - Shot Misses the Net.
1:13 of 2nd period - Wrist shot by Kristopher Letang.
1:13 of 2nd period - Stopped by Tuukka Rask without a rebound.
1:14 of 2nd period - Travis Zajac wins face-off versus Maxim Talbot in Blues zone.
1:21 of 2nd period - Wrist shot by Travis Zajac.
1:21 of 2nd period - Deflect By Sergei Shirokov.
1:21 of 2nd period - Stopped by Mathieu Garon with a rebound.
1:51 of 2nd period - Slapshot by Kyle Okposo.
1:51 of 2nd period - Shot Misses the Net.
1:53 of 2nd period - Snap shot by Ramzi Abid.
1:53 of 2nd period - Shot Misses the Net.
2:05 of 2nd period - Slapshot by Jake Gardiner.
2:05 of 2nd period - Stopped by Mathieu Garon without a rebound.
2:06 of 2nd period - Nazem Kadri wins face-off versus Taylor Pyatt in Coyotes zone.
2:06 of 2nd period - Nazem Kadri is hit by Tomas Kopecky.
2:12 of 2nd period - Wrist shot by Kristopher Letang.
2:12 of 2nd period - Deflect By Tomas Kopecky.
2:12 of 2nd period - Stopped by Tuukka Rask with a rebound.
2:52 of 2nd period - Slapshot by Alex Pietrangelo.
2:52 of 2nd period - Shot Blocked by Tyler Ennis.
2:59 of 2nd period - Minor Penalty to Eric Brewer for Slashing.
3:00 of 2nd period - Nicklas Backstrom wins face-off versus Martin Samuelsson in Coyotes zone.
3:02 of 2nd period - Slapshot by Alex Pietrangelo.
3:02 of 2nd period - Shot Misses the Net.
3:04 of 2nd period - Snap shot by David Perron.
3:04 of 2nd period - Stopped by Mathieu Garon with a rebound.
3:06 of 2nd period - Backhand shot by Jake Gardiner.
3:06 of 2nd period - Goal by Jake Gardiner - Blues : 1 - Coyotes : 0.
3:07 of 2nd period - Nicklas Backstrom wins face-off versus Tim Connolly in neutral zone.
4:00 of 2nd period - Snap shot by T.J. Oshie.
4:00 of 2nd period - Shot Misses the Net.
4:02 of 2nd period - Snap shot by T.J. Oshie.
4:02 of 2nd period - Shot Misses the Net.
4:04 of 2nd period - Slapshot by Josh Gorges.
4:04 of 2nd period - Stopped by Tuukka Rask with a rebound.
4:06 of 2nd period - Slapshot by Josh Gorges.
4:06 of 2nd period - Deflect By Maxim Talbot.
4:06 of 2nd period - Coyotes goal is going for a video replay.
4:06 of 2nd period - The goal is refused. The goalkeeper has been pushed into the net together with the puck after making a save..
4:07 of 2nd period - Nicklas Backstrom wins face-off versus Nick Bonino in Blues zone.
4:19 of 2nd period - Snap shot by Nicklas Backstrom.
4:19 of 2nd period - Shot Misses the Net.
4:21 of 2nd period - Wrist shot by Joe Pavelski.
4:21 of 2nd period - Goal by Joe Pavelski - Blues : 2 - Coyotes : 0.
4:22 of 2nd period - Nicklas Backstrom wins face-off versus Maxim Talbot in neutral zone.
4:25 of 2nd period - T.J. Oshie is hit by Drew Fata.
5:05 of 2nd period - Minor Penalty to Marian Gaborik for Hooking.
5:06 of 2nd period - Martin Samuelsson wins face-off versus Nicklas Backstrom in Coyotes zone.
5:06 of 2nd period - Martin Samuelsson is hit by Nicklas Backstrom.
5:18 of 2nd period - Slapshot by David Perron.
5:18 of 2nd period - Stopped by Mathieu Garon without a rebound.
5:19 of 2nd period - Martin Samuelsson wins face-off versus Nicklas Backstrom in Coyotes zone.
7:05 of 2nd period - Penalty to Marian Gaborik is over, Marian Gaborik is back on ice.
8:21 of 2nd period - Wrist shot by Maxim Talbot.
8:21 of 2nd period - Shot Blocked by Joe Pavelski.
9:07 of 2nd period - Snap shot by Nicklas Backstrom.
9:07 of 2nd period - Shot Misses the Net.
9:19 of 2nd period - Snap shot by Tomas Kopecky.
9:19 of 2nd period - Goal by Tomas Kopecky - Blues : 3 - Coyotes : 0.
9:20 of 2nd period - Nicklas Backstrom wins face-off versus Maxim Talbot in neutral zone.
9:52 of 2nd period - Wrist shot by Tim Connolly.
9:52 of 2nd period - Stopped by Tuukka Rask without a rebound.
9:53 of 2nd period - Travis Zajac wins face-off versus Nazem Kadri in Blues zone.
10:00 of 2nd period - Snap shot by Travis Zajac.
10:00 of 2nd period - Stopped by Mathieu Garon with a rebound.
10:20 of 2nd period - Tim Connolly is hit by Taylor Hall and loses puck.
10:29 of 2nd period - Snap shot by Joe Pavelski.
10:29 of 2nd period - Stopped by Mathieu Garon with a rebound.
10:41 of 2nd period - Wrist shot by Paul Kariya.
10:41 of 2nd period - Shot Misses the Net.
10:43 of 2nd period - Slapshot by Paul Kariya.
10:43 of 2nd period - Stopped by Mathieu Garon with a rebound.
10:45 of 2nd period - Slapshot by Kevin Porter.
10:45 of 2nd period - Shot Misses the Net.
10:47 of 2nd period - Snap shot by Bryce Lampman.
10:47 of 2nd period - Deflect By Ramzi Abid.
10:47 of 2nd period - Stopped by Mathieu Garon without a rebound.
10:48 of 2nd period - Maxim Talbot wins face-off versus Kevin Porter in Coyotes zone.
11:12 of 2nd period - Ryan Whitney is hit by Alex Pietrangelo and loses puck.
11:47 of 2nd period - Maxim Talbot is hit by Darren Reid and loses puck.
11:57 of 2nd period - Minor Penalty to Eric Brewer for Tripping.
11:58 of 2nd period - Tim Connolly wins face-off versus Nicklas Backstrom in Coyotes zone.
12:42 of 2nd period - Kristopher Letang is hit by Bryce Lampman and loses puck.
13:31 of 2nd period - Tim Connolly is hit by Jake Gardiner and loses puck.
13:57 of 2nd period - Penalty to Eric Brewer is over, Eric Brewer is back on ice.
14:07 of 2nd period - Snap shot by Nazem Kadri.
14:07 of 2nd period - Shot Misses the Net.
14:53 of 2nd period - Darren Reid is hit by Marian Gaborik and loses puck.
15:22 of 2nd period - Slapshot by Kyle Okposo.
15:22 of 2nd period - Shot Misses the Net.
16:01 of 2nd period - Off-side.
16:02 of 2nd period - Maxim Talbot wins face-off versus Taylor Pyatt in neutral zone.
16:23 of 2nd period - Minor Penalty to Nik Antropov for Holding Stick.
16:24 of 2nd period - Nicklas Backstrom wins face-off versus Tim Connolly in Blues zone.
17:04 of 2nd period - Snap shot by Nazem Kadri.
17:04 of 2nd period - Goal by Nazem Kadri - Blues : 3 - Coyotes : 1.
17:05 of 2nd period - Nicklas Backstrom wins face-off versus Nazem Kadri in neutral zone.
17:53 of 2nd period - Icing by Toni Lydman.
17:54 of 2nd period - Tim Connolly wins face-off versus Taylor Pyatt in Coyotes zone.
19:20 of 2nd period - Josh Gorges is hit by Joe Pavelski and loses puck.
19:27 of 2nd period - Snap shot by Nicklas Backstrom.
19:27 of 2nd period - Stopped by Mathieu Garon with a rebound.
19:31 of 2nd period - Wrist shot by Nicklas Backstrom.
19:31 of 2nd period - Shot Blocked by Ryan Whitney.
19:40 of 2nd period - Off-side.
19:41 of 2nd period - Nick Bonino wins face-off versus Nik Antropov in neutral zone.
19:56 of 2nd period - Wrist shot by Tomas Kopecky.
19:56 of 2nd period - Stopped by Mathieu Garon with a rebound.
Goals for this period are 3 for Blues vs 1 for Coyotes.
Shots for this period are 13 for Blues vs 7 for Coyotes.

3rd period


0:01 of 3rd period - Tim Connolly wins face-off versus Nicklas Backstrom in neutral zone.
0:11 of 3rd period - Wrist shot by Tim Connolly.
0:11 of 3rd period - Shot Misses the Net.
0:22 of 3rd period - Icing by Tim Connolly.
0:23 of 3rd period - Tim Connolly wins face-off versus Travis Zajac in Coyotes zone.
0:23 of 3rd period - Tim Connolly is hit by Sergei Shirokov.
0:34 of 3rd period - Snap shot by Sergei Shirokov.
0:34 of 3rd period - Stopped by Mathieu Garon without a rebound.
0:35 of 3rd period - Nazem Kadri wins face-off versus Nicklas Backstrom in Coyotes zone.
0:50 of 3rd period - Wrist shot by Joe Pavelski.
0:50 of 3rd period - Shot Blocked by Eric Brewer.
1:00 of 3rd period - Sergei Shirokov is hit by Eric Brewer and loses puck.
1:07 of 3rd period - Snap shot by Travis Hamonic.
1:07 of 3rd period - Shot Blocked by Tim Connolly.
1:18 of 3rd period - Icing by Alex Pietrangelo.
1:19 of 3rd period - Maxim Talbot wins face-off versus Nik Antropov in Blues zone.
1:24 of 3rd period - Snap shot by Martin Samuelsson.
1:24 of 3rd period - Shot Blocked by Nik Antropov.
1:26 of 3rd period - Wrist shot by T.J. Oshie.
1:26 of 3rd period - Shot Misses the Net.
1:28 of 3rd period - Slapshot by Josh Gorges.
1:28 of 3rd period - Stopped by Tuukka Rask without a rebound.
1:29 of 3rd period - Nicklas Backstrom wins face-off versus Nazem Kadri in Blues zone.
2:04 of 3rd period - Wrist shot by David Perron.
2:04 of 3rd period - Stopped by Mathieu Garon without a rebound.
2:05 of 3rd period - Maxim Talbot wins face-off versus Travis Zajac in Coyotes zone.
2:05 of 3rd period - Maxim Talbot is hit by Jake Gardiner.
2:11 of 3rd period - Snap shot by Maxim Talbot.
2:11 of 3rd period - Stopped by Tuukka Rask with a rebound.
2:13 of 3rd period - Slapshot by T.J. Oshie.
2:13 of 3rd period - Stopped by Tuukka Rask without a rebound.
2:14 of 3rd period - Travis Zajac wins face-off versus Maxim Talbot in Blues zone.
2:30 of 3rd period - Wrist shot by Maxim Talbot.
2:30 of 3rd period - Shot Misses the Net.
2:46 of 3rd period - Wrist shot by T.J. Oshie.
2:46 of 3rd period - Stopped by Tuukka Rask with a rebound.
2:48 of 3rd period - Slapshot by Josh Gorges.
2:48 of 3rd period - Stopped by Tuukka Rask with a rebound.
2:50 of 3rd period - Slapshot by Ryan Whitney.
2:50 of 3rd period - Shot Blocked by Jake Gardiner.
2:52 of 3rd period - Wrist shot by Martin Samuelsson.
2:52 of 3rd period - Shot Misses the Net.
2:54 of 3rd period - Wrist shot by Martin Samuelsson.
2:54 of 3rd period - Goal by Martin Samuelsson - Blues : 3 - Coyotes : 2.
2:55 of 3rd period - Nicklas Backstrom wins face-off versus Nazem Kadri in neutral zone.
2:58 of 3rd period - Kristopher Letang is hit by Taylor Hall.
3:11 of 3rd period - Icing by Eric Brewer.
3:12 of 3rd period - Travis Zajac wins face-off versus Nazem Kadri in Coyotes zone.
3:39 of 3rd period - Eric Brewer is hit by Nik Antropov and loses puck.
4:06 of 3rd period - Eric Brewer is hit by Bryce Lampman and loses puck.
4:50 of 3rd period - Snap shot by Travis Zajac.
4:50 of 3rd period - Shot Blocked by Josh Gorges.
4:52 of 3rd period - Slapshot by Bryce Lampman.
4:52 of 3rd period - Stopped by Mathieu Garon with a rebound.
5:13 of 3rd period - Ramzi Abid is hit by Taylor Hall and loses puck.
5:24 of 3rd period - Slapshot by Josh Gorges.
5:24 of 3rd period - Shot Blocked by Steve McCarthy.
5:44 of 3rd period - Slapshot by Anton Stralman.
5:44 of 3rd period - Stopped by Tuukka Rask with a rebound.
5:46 of 3rd period - Slapshot by Maxim Talbot.
5:46 of 3rd period - Shot Misses the Net.
5:56 of 3rd period - Snap shot by Sergei Shirokov.
5:56 of 3rd period - Shot Blocked by Nazem Kadri.
5:58 of 3rd period - Snap shot by Travis Zajac.
5:58 of 3rd period - Shot Blocked by Tyler Ennis.
6:00 of 3rd period - Snap shot by Travis Zajac.
6:00 of 3rd period - Shot Blocked by Anton Stralman.
6:02 of 3rd period - Wrist shot by Travis Zajac.
6:02 of 3rd period - Stopped by Mathieu Garon with a rebound.
6:04 of 3rd period - Slapshot by Drew Fata.
6:04 of 3rd period - Stopped by Mathieu Garon without a rebound.
6:05 of 3rd period - Taylor Hall wins face-off versus Tim Connolly in Coyotes zone.
6:10 of 3rd period - Wrist shot by Nicklas Backstrom.
6:10 of 3rd period - Stopped by Mathieu Garon without a rebound.
6:11 of 3rd period - Tim Connolly wins face-off versus Nicklas Backstrom in Coyotes zone.
6:13 of 3rd period - Minor Penalty to Toni Lydman for Hooking.
6:14 of 3rd period - Martin Samuelsson wins face-off versus Nicklas Backstrom in Coyotes zone.
6:17 of 3rd period - Anton Stralman is hit by Alex Pietrangelo and loses puck.
6:20 of 3rd period - Minor Penalty to Alex Pietrangelo for Hooking.
6:21 of 3rd period - Travis Zajac wins face-off versus Tim Connolly in Blues zone.
6:38 of 3rd period - Snap shot by Travis Zajac.
6:38 of 3rd period - Shot Misses the Net.
7:01 of 3rd period - Nick Bonino is hit by Bryce Lampman and loses puck.
7:17 of 3rd period - Icing by Sergei Shirokov.
7:18 of 3rd period - Tim Connolly wins face-off versus Nicklas Backstrom in Blues zone.
8:13 of 3rd period - Penalty to Toni Lydman is over, Toni Lydman is back on ice.
8:20 of 3rd period - Penalty to Alex Pietrangelo is over, Alex Pietrangelo is back on ice.
8:40 of 3rd period - Jake Gardiner is hit by Chris Neil and loses puck.
9:13 of 3rd period - Minor Penalty to Anton Stralman for Hooking.
9:14 of 3rd period - Martin Samuelsson wins face-off versus Nicklas Backstrom in Coyotes zone.
9:14 of 3rd period - Martin Samuelsson is hit by Nicklas Backstrom.
9:27 of 3rd period - Slapshot by Alex Pietrangelo.
9:27 of 3rd period - Shot Misses the Net.
9:29 of 3rd period - Slapshot by Nicklas Backstrom.
9:29 of 3rd period - Blues goal is going for a video replay.
9:29 of 3rd period - The goal is refused. The goalkeeper has been pushed into the net together with the puck after making a save..
9:30 of 3rd period - Martin Samuelsson wins face-off versus Nicklas Backstrom in Coyotes zone.
11:13 of 3rd period - Penalty to Anton Stralman is over, Anton Stralman is back on ice.
11:20 of 3rd period - Nazem Kadri is hit by Tomas Kopecky and loses puck.
11:29 of 3rd period - Slapshot by Nik Antropov.
11:29 of 3rd period - Shot Misses the Net.
12:12 of 3rd period - Nick Bonino is hit by Taylor Hall and loses puck.
12:23 of 3rd period - David Perron is hit by Marian Gaborik and loses puck.
13:11 of 3rd period - Slapshot by Travis Hamonic.
13:11 of 3rd period - Shot Misses the Net.
13:13 of 3rd period - Slapshot by Taylor Pyatt.
13:13 of 3rd period - Stopped by Mathieu Garon without a rebound.
13:14 of 3rd period - Tim Connolly wins face-off versus Nik Antropov in Coyotes zone.
13:49 of 3rd period - Slapshot by Joe Pavelski.
13:49 of 3rd period - Shot Misses the Net.
13:51 of 3rd period - Wrist shot by Joe Pavelski.
13:51 of 3rd period - Deflect By Tyler Ennis.
13:51 of 3rd period - Stopped by Mathieu Garon without a rebound.
13:52 of 3rd period - Maxim Talbot wins face-off versus Travis Zajac in Coyotes zone.
14:01 of 3rd period - Snap shot by David Perron.
14:01 of 3rd period - Deflect By Travis Zajac.
14:01 of 3rd period - Shot Blocked by Toni Lydman.
14:01 of 3rd period - Puck is out of play.
14:02 of 3rd period - Travis Zajac wins face-off versus Maxim Talbot in Coyotes zone.
14:56 of 3rd period - Snap shot by David Perron.
14:56 of 3rd period - Stopped by Mathieu Garon with a rebound.
14:58 of 3rd period - Snap shot by Sergei Shirokov.
14:58 of 3rd period - Shot Blocked by Anton Stralman.
15:04 of 3rd period - Snap shot by Travis Zajac.
15:04 of 3rd period - Shot Blocked by Martin Samuelsson.
15:06 of 3rd period - Wrist shot by David Perron.
15:06 of 3rd period - Shot Misses the Net.
15:35 of 3rd period - Slapshot by David Perron.
15:35 of 3rd period - Shot Blocked by T.J. Oshie.
15:37 of 3rd period - Wrist shot by David Perron.
15:37 of 3rd period - Goal by David Perron - Blues : 4 - Coyotes : 2.
15:38 of 3rd period - Nick Bonino wins face-off versus Nicklas Backstrom in neutral zone.
15:41 of 3rd period - Slapshot by Josh Gorges.
15:41 of 3rd period - Stopped by Tuukka Rask without a rebound.
15:42 of 3rd period - Nicklas Backstrom wins face-off versus Nick Bonino in Blues zone.
16:08 of 3rd period - Off-side.
16:09 of 3rd period - Nik Antropov wins face-off versus Nazem Kadri in neutral zone.
16:22 of 3rd period - Slapshot by Taylor Pyatt.
16:22 of 3rd period - Stopped by Mathieu Garon with a rebound.
16:24 of 3rd period - Slapshot by Travis Hamonic.
16:24 of 3rd period - Shot Blocked by Tyler Ennis.
16:34 of 3rd period - Taylor Hall is hit by Eric Brewer and loses puck.
16:47 of 3rd period - Wrist shot by Tim Connolly.
16:47 of 3rd period - Shot Misses the Net.
17:14 of 3rd period - Icing by Jake Gardiner.
17:15 of 3rd period - Nazem Kadri wins face-off versus Kevin Porter in Blues zone.
17:18 of 3rd period - Snap shot by Tyler Ennis.
17:18 of 3rd period - Shot Misses the Net.
17:20 of 3rd period - Slapshot by Eric Brewer.
17:20 of 3rd period - Stopped by Tuukka Rask with a rebound.
17:22 of 3rd period - Snap shot by Nazem Kadri.
17:22 of 3rd period - Shot Misses the Net.
17:24 of 3rd period - Slapshot by Kristopher Letang.
17:24 of 3rd period - Stopped by Tuukka Rask without a rebound.
17:25 of 3rd period - Maxim Talbot wins face-off versus Nik Antropov in Blues zone.
17:56 of 3rd period - Steve McCarthy is hit by Eric Brewer and loses puck.
18:32 of 3rd period - Snap shot by Ramzi Abid.
18:32 of 3rd period - Shot Misses the Net.
18:34 of 3rd period - Wrist shot by Toni Lydman.
18:34 of 3rd period - Deflect By Alex Pietrangelo.
18:34 of 3rd period - Stopped by Tuukka Rask with a rebound.
19:20 of 3rd period - Darren Reid is hit by Nick Bonino.
19:28 of 3rd period - Snap shot by Mike Leclerc.
19:28 of 3rd period - Stopped by Tuukka Rask without a rebound.
19:29 of 3rd period - Travis Zajac wins face-off versus Tim Connolly in Blues zone.
Goals for this period are 1 for Blues vs 1 for Coyotes.
Shots for this period are 12 for Blues vs 12 for Coyotes.